 Dungeon Crawl Stone Soup version 0.30-a0-40-gc6d0f036a7 (webtiles) character file.

Game seed: 12197797185386966386

118311 drugrobin the Carver (level 15, -8/133 (134) HPs)
             Began as a Demigod Delver on Aug 30, 2022.
             Mangled by an emperor scorpion simulacrum (42 damage)
             ... on level 1 of the Spider Nest.
             The game lasted 02:05:46 (32190 turns).

drugrobin the Carver (Demigod Delver)              Turns: 32190, Time: 02:05:46

HP:   -8/133 (134)  AC: 19    Str: 17    XL:     15   Next: 77%
MP:   31/31         EV: 22    Int: 27    God:
Gold: 854           SH:  0    Dex: 29    Spells: 20/30 levels left

rFire   + . .      SeeInvis +    a - +7 great sword of a Thousand Ships {drain, rElec rPois Will++}
rCold   x . .      Faith    .    (shield currently unavailable)
rNeg    + + .      Spirit   .    v - +3 ring mail of the Komodo Dragon {SInv}
rPois   +          Reflect  .    z - +1 hat
rElec   +          Harm     .    k - +2 cloak {Stlth+}
rCorr   +          Rampage  .    W - +2 pair of gloves "Borask" {rN++ rCorr}
Will    +++..                    h - +2 pair of boots of the Unbroken {Dex+4}
Stlth   ++++++....               j - amulet of regeneration
HPRegen 1.12/turn                X - +6 ring of dexterity
MPRegen 0.22/turn                d - ring of Ypuappea {Fire +Blink Int+3}

@: lightly drained
A: high MP 1, forlorn, divine attributes
a: Evoke Blink


You were on level 1 of the Spider Nest.
You visited 4 branches of the dungeon, and saw 24 of its levels.
You also visited: Sewer and Gauntlet.

You collected 2691 gold pieces.
You spent 1837 gold pieces at shops.

Inventory:

Hand Weapons
 a - the +7 great sword of a Thousand Ships (weapon) {drain, rElec rPois Will++}
   (You found it on level 5 of the Lair of Beasts)

   A truly terrible weapon, it drains the life of any living foe it strikes.
   rElec:     It insulates you from electricity.
   rPois:     It protects you from poison.
   Will:      It greatly increases your willpower.
 b - a +1 short sword of venom
 x - a +0 scimitar of flaming
 V - the +10 scimitar "Xinong" {holy, rPois Str+3}
   (You bought it in a shop on level 2 of the Orcish Mines)

   It has been blessed by the Shining One to cause great damage to the undead
   and demons.
   Str:       It affects your strength (+3).
   rPois:     It protects you from poison.
Missiles
 i - 8 curare-tipped darts
 M - 2 throwing nets
 Y - 8 javelins (quivered)
Armour
 c - a +2 robe of cold resistance
 h - the +2 pair of boots of the Unbroken (worn) {Dex+4}
   (You found it in a Gauntlet)

   Dex:       It affects your dexterity (+4).
 k - a +2 cloak of stealth (worn)
 l - a +2 pair of gloves of dexterity
 v - the +3 ring mail of the Komodo Dragon (worn) {SInv}
   (You found it on level 12 of the Dungeon)

   SInv:      It lets you see invisible.
 z - a +1 hat (worn)
 W - the +2 pair of gloves "Borask" (worn) {rN++ rCorr}
   (You acquired it on level 4 of the Lair of Beasts)

   rN:        It greatly protects you from negative energy.
   rCorr:     It protects you from acid and corrosion.
 Z - the +0 scale mail of Slimy Miracles {rF++ Str+3 Int+2}
   (You bought it in a shop on level 1 of the Orcish Mines)

   Str:       It affects your strength (+3).
   Int:       It affects your intelligence (+2).
   rF:        It greatly protects you from fire.
Jewellery
 d - the ring of Ypuappea (right hand) {Fire +Blink Int+3}
   (You found it on level 5 of the Lair of Beasts)

   [ring of fire]

   It enhances your fire magic.
   Int:       It affects your intelligence (+3).
   rF:        It protects you from fire.
   rC:        It makes you vulnerable to cold.
   +Blink:    It lets you blink.
 j - an amulet of regeneration (around neck)
 o - a ring of ice
 y - a +6 ring of dexterity
 S - a ring of ice
 X - a +6 ring of dexterity (left hand)
Wands
 E - a wand of paralysis (38)
 H - a wand of mindburst (12)
 N - a wand of iceblast (25)
 P - a wand of acid (7)
 T - a wand of polymorph (19)
Scrolls
 g - a scroll of identify
 p - 5 scrolls of magic mapping
 q - 5 scrolls of fear
 r - 4 scrolls of blinking
 u - 10 scrolls of teleportation
 A - 5 scrolls of vulnerability
 G - 3 scrolls of fog
 I - a scroll of amnesia
 J - a scroll of immolation
 L - a scroll of acquirement
 Q - a scroll of silence
 R - 2 scrolls of poison
Potions
 f - 6 potions of haste
 m - 10 potions of heal wounds
 n - 2 potions of flight
 t - 10 potions of curing
 w - 6 potions of berserk rage
 B - 2 potions of cancellation
 C - 2 potions of attraction
 D - a potion of resistance
 K - 3 potions of lignification
 O - 2 potions of ambrosia
 U - 2 potions of might
Miscellaneous
 F - a box of beasts


   Skills:
 + Level 12.5 Fighting
 - Level 10.0(12.7) Short Blades
 - Level 12.6(14.0) Long Blades
 - Level 4.0 Armour
 - Level 12.0 Dodging
 - Level 10.0 Stealth
 - Level 8.0 Spellcasting
 - Level 4.0 Poison Magic
 - Level 8.0 Evocations


You had 20 spell levels left.
You knew the following spells:

 Your Spells              Type           Power      Damage    Failure   Level
a - Poisonous Vapours     Pois/Air       42%        N/A       6%          2
b - Mephitic Cloud        Conj/Pois/Air  17%        N/A       16%         3
c - Sting                 Tmut/Pois      84%        1d7       4%          1
d - Call Imp              Summ           10%        N/A       14%         2
e - Blink                 Tloc           20%        N/A       14%         2

Your spell library contained the following spells:

 Spells                   Type           Power      Damage    Failure   Level
 Magic Dart               Conj           40%        1d5       9%          1
 Static Discharge         Conj/Air       20%        3-5/arc   14%         2
 Confusing Touch          Hex            10%        N/A       26%         3
 Summon Guardian Golem    Hex/Summ       10%        N/A       26%         3
 Corpse Rot               Necr/Pois/Air  17%        N/A       47%         4
 Airstrike                Air            5%         2d(1-17)  65%         4
 Passage of Golubria      Tloc           10%        N/A       65%         4
 Summon Ice Beast         Ice/Summ       10%        N/A       65%         4
 Summon Lightning Spire   Summ/Air       10%        N/A       65%         4
 Lightning Bolt           Conj/Air       5%         1d17      94%         5
 Manifold Assault         Tloc           10%        N/A       94%         5
 Silence                  Hex/Air        5%         N/A       94%         5
 Summon Mana Viper        Hex/Summ       10%        N/A       94%         5
 Yara's Violent Unravell  Hex/Tmut       5%         3d4       94%         5
 Dragon Form              Tmut           5%         N/A       100%        7
 Enfeeble                 Hex            5%         N/A       100%        7
 Monstrous Menagerie      Summ           5%         N/A       100%        7
 Orb of Destruction       Conj           5%         9d5       100%        7
 Spellforged Servitor     Conj/Summ      5%         N/A       100%        7
 Storm Form               Tmut/Air       5%         N/A       100%        7
 Lehudib's Crystal Spear  Conj/Erth      5%         10d3      100%        8
 Maxwell's Capacitive Co  Air            5%         ∞         100%        8


Dungeon Overview and Level Annotations

Branches:
Dungeon (15/15)            Temple (0/1) D:5            Lair (5/5) D:8
 Shoals (0/4) Lair:2       Spider (2/4) Lair:2        Slime (0/5) Lair:4
    Orc (2/2) D:10            Elf (0/3) Orc:2        Vaults (0/5) D:14
 Depths (0/4) D:15          Sewer (visited)         Gauntlet (visited)

Shops:
D:8 [?[   D:9 ?   Orc:1 [   Orc:2 ?*(:

Portals:
Pandemonium: Orc:2

Annotations:
Lair:2 Gesod's ghost, journeyman MiHu


Innate Abilities, Weirdness & Mutations

You have an increased reservoir of magic. (+10% MP)
You shall have no god before yourself.
Your divine heritage dramatically boosts your attributes as you level up.


Message History

The emperor scorpion simulacrum completely misses you.
The emperor scorpion simulacrum claws you but does no damage.
Unknown command.
Unknown command.
Unknown command.
Unknown command.
Unknown command.
Unknown command.
Unknown command.
You slash the emperor scorpion simulacrum!
The emperor scorpion simulacrum is moderately damaged.
The emperor scorpion simulacrum hits you but does no damage.
The emperor scorpion simulacrum claws you but does no damage.
The emperor scorpion simulacrum misses you.
Unknown command.
Unknown command.
Unknown command.
Unknown command.
Unknown command.
You slash the emperor scorpion simulacrum!
The emperor scorpion simulacrum is heavily damaged.
The emperor scorpion simulacrum completely misses you.
The emperor scorpion simulacrum barely misses you. x2
Unknown command.
Unknown command.
Unknown command.
You hit the emperor scorpion simulacrum.
The emperor scorpion simulacrum is heavily damaged.
The emperor scorpion simulacrum barely misses you.
The emperor scorpion simulacrum claws you but does no damage. x2
Unknown command.
Unknown command.
Unknown command.
You hit the emperor scorpion simulacrum but do no damage.
The emperor scorpion simulacrum is heavily damaged.
The emperor scorpion simulacrum hits you.
* * * LOW HITPOINT WARNING * * *
The emperor scorpion simulacrum freezes you!!!
You feel a terrible chill!
You die...

###...............## #
##...............## ##
##...............# #.
#..............## ##^
#...^........### #..
##..........## ##..
#.........## ###...
#........## ##..... #....@...#
###...... ### #...Z...##
##........ ##.###.......#
##......###
#######...###.....##
##......###. ......(...#
#.....# ##.......# #.
..........####....###........#
#.
...........##^......#........#
#.
................####.........#
#. ..............####
###.......# ##


You could see an emperor scorpion simulacrum.

Vanquished Creatures
  Rupert (D:15)
  Jorgrun (Orc:2)
  Kirke (D:13)
  Donald (Orc:1)
  3 emperor scorpions (Spider:1)
  Nessos (D:15)
  A minotaur (Gauntlet)
  The ghost of gregwegmann the Nimble, a journeyman MiBe of Trog (Lair:2)
  Snorg (D:11)
  A vault guard (D:14)
  Fannar (D:11)
  2 boulder beetles
  The ghost of Puis the Skirmisher, a journeyman DgIE (Lair:1)
  2 fire dragons (D:15)
  7 hydras
  An ice dragon (Lair:5)
  Erica (Lair:2)
  A demonspawn (Orc:2)
  4 catoblepae
  A radroach (Spider:2)
  5 centaur warriors
  3 two-headed ogres
  The ghost of Mistam the Thaumaturge, a journeyman TeCj of Ashenzari (Lair:2)
  Urug (Orc:2)
  7 tengu warriors
  5 orc high priests (Orc:2)
  Sonja (D:13)
  13 spriggans
  2 sixfirhies
  3 skeletal warriors (D:15)
  A sun moth (Lair:2)
  6 pharaoh ants
  4 steelbarb worms
  An orb spider (Spider:1)
  7 orc knights
  2 deep elf pyromancers
  9 orc sorcerers
  3 cyclopes
  A manticore (D:14)
  5 ugly things
  10 wolf spiders
  8 elephants
  A merfolk siren (Lair:2)
  A guardian serpent (shapeshifter) (D:14)
  15 cane toads
  2 black mambas
  A molten gargoyle (Gauntlet)
  A torpor snail (Spider:1)
  2 gargoyles
  4 demonic crawlers
  A minotaur zombie (Gauntlet)
  3 rime drakes (Lair:5)
  2 unseen horrors
  2 kobold demonologists
  4 komodo dragons
  3 meliai
  2 polar bears (Lair:5)
  6 trolls
  A merfolk (Lair:2)
  4 hornets (Lair:5)
  9 tarantellas
  13 slime creatures
  17 blink frogs
  17 dream sheep
  3 jumping spiders
  3 wyverns
  7 culicivoras
  Sigmund (D:6)
  A shadow (D:10)
  31 yaks
  3 wraiths
  A ynoxinul (Orc:2)
  2 hogs (D:13)
  3 steam dragons
  2 basilisks
  11 redbacks
  A chaos spawn (Orc:2)
  14 vampire mosquitoes
  Menkaure (D:6)
  A death yak simulacrum (Lair:5)
  5 wargs
  6 acid dragons
  13 water moccasins
  Duvessa (D:6)
  9 black bears
  31 orc warriors
  2 sky beasts
  4 boggarts (Lair:5)
  5 ogres
  A boulder beetle simulacrum (Lair:5)
  5 phantoms
  29 wolves
  10 centaurs
  5 kobold brigands
  10 bullfrogs
  A necrophage (D:7)
  6 scorpions
  3 gnoll sergeants
  3 wights (D:7)
  Dowan (D:6)
  2 troll zombies (D:10)
  A dream sheep simulacrum (Lair:5)
  3 killer bees (D:10)
  7 howler monkeys
  3 electric eels
  A torpor snail simulacrum (Lair:5)
  2 komodo dragon simulacra (Lair:5)
  A fire crab simulacrum (Lair:5)
  A hound (D:6)
  24 orc priests
  2 jellies
  2 iguanas
  Natasha (D:2)
  18 orc wizards
  4 ogre zombies (D:10)
  10 adders
  15 gnolls
  4 river rats (Sewer)
  3 shadow imps
  2 white imps
  4 ufetubi
  4 worms
  A dart slug (D:3)
  62 orcs
  2 bats
  17 endoplasms
  3 giant cockroaches
  8 goblins
  5 hobgoblins
  6 jackals (D:4)
  22 kobolds
  4 quokkas
  9 ball pythons
  3 frilled lizards (D:2)
  2 goblin skeletons (D:10)
  2 goblin zombies (D:10)
  2 hobgoblin skeletons (D:10)
  2 hobgoblin zombies (D:10)
  4 orc skeletons (D:10)
  6 orc zombies (D:10)
  10 rats
761 creatures vanquished.

Vanquished Creatures (collateral kills)
  The ghost of frimble the Martial Artist, a journeyman DsBe of Trog (Lair:4)
  2 kobold demonologists (D:13)
  An orc (Orc:2)
  3 kobolds (D:13)
7 creatures vanquished.

Vanquished Creatures (others)
  A human (D:13)
  A redback (Spider:1)
  A wolf (Lair:5)
  78 fungi
  80 plants
161 creatures vanquished.

Grand Total: 929 creatures vanquished

Notes
Turn   | Place    | Note
-------+----------+-------------------------------------------
     0 | D:5      | drugrobin the Demigod Delver began the quest for the Orb.
     0 | D:5      | Reached XP level 1. HP: 18/18 MP: 3/3
    16 | D:5      | Noticed an acid dragon
    18 | D:5      | Noticed a centaur
    18 | D:5      | Noticed a water moccasin
    21 | D:5      | Found a transporter.
    27 | D:5      | Noticed a yak
    30 | D:5      | Noticed a scorpion
    32 | D:5      | Found a staircase to the Ecumenical Temple.
    36 | D:5      | Noticed a phantom
   118 | D:5      | Noticed an iguana
   146 | D:5      | Found a transporter.
   177 | D:3      | Found a glowing drain.
   344 | D:3      | Reached XP level 2. HP: 23/25 MP: 4/4
   424 | Sewer    | Entered a sewer
   527 | Sewer    | Reached XP level 3. HP: 30/30 MP: 5/5
   575 | Sewer    | Noticed a kobold brigand
   618 | Sewer    | Killed a kobold brigand
   619 | Sewer    | Reached XP level 4. HP: 34/37 MP: 6/6
   943 | Sewer    | Noticed a kobold brigand
   971 | Sewer    | Killed a kobold brigand
   972 | Sewer    | Reached skill level 5 in Short Blades
   972 | Sewer    | Reached XP level 5. HP: 25/42 MP: 7/7
  2360 | D:2      | Learned a level 2 spell: Poisonous Vapours
  2471 | D:2      | Noticed Natasha
  2488 | D:2      | Killed Natasha
  2489 | D:2      | Reached XP level 6. HP: 50/50 MP: 8/8
  4294 | D:4      | Reached XP level 7. HP: 35/56 MP: 9/9
  5480 | D:5      | Reached skill level 1 in Evocations
  5644 | D:6      | Noticed Duvessa
  5647 | D:6      | Noticed Dowan
  5715 | D:6      | Killed Dowan
  5823 | D:6      | Noticed a steam dragon
  5827 | D:6      | Killed a steam dragon
  5878 | D:6      | Reached XP level 8. HP: 62/62 MP: 10/10
  6532 | D:7      | Reached skill level 5 in Dodging
  6786 | D:7      | Noticed a gargoyle
  6796 | D:7      | Killed a gargoyle
  7031 | D:7      | Got the Codex of Toxicity and Sculpting
  7036 | D:7      | Learned a level 3 spell: Mephitic Cloud
  7038 | D:7      | Learned a level 1 spell: Sting
  7167 | D:7      | Reached XP level 9. HP: 61/68 MP: 9/11
  7324 | D:8      | Found Puptixir's Magic Scroll Shop.
  7335 | D:8      | Bought a scroll of blinking for 120 gold pieces
  7335 | D:8      | Bought a scroll of poison for 64 gold pieces
  7335 | D:8      | Bought a scroll of enchant armour for 120 gold pieces
  7335 | D:8      | Bought a scroll of identify for 32 gold pieces
  7353 | D:8      | Identified the +7 quarterstaff of Kesofid {freeze, rCorr}
  7400 | D:8      | Found Wumio's Armour Shop.
  7574 | D:8      | Reached skill level 1 in Poison Magic
  7591 | D:8      | Found a staircase to the Lair.
  7708 | D:8      | Found Jimyikumat's Armour Emporium.
  7790 | D:8      | Reached skill level 5 in Evocations
  8992 | D:6      | Noticed Sigmund
  9018 | D:6      | Noticed Menkaure
  9019 | D:6      | Killed Menkaure
  9041 | D:6      | Killed Sigmund
  9045 | D:6      | Killed Duvessa
  9366 | D:8      | Reached XP level 10. HP: 67/74 MP: 11/13
  9499 | D:9      | Noticed a two-headed ogre
  9700 | D:9      | Reached skill level 10 in Short Blades
  9951 | D:9      | Found Piyj Yxt's Magic Scroll Emporium.
  9965 | D:9      | Bought a scroll of identify for 20 gold pieces
  9965 | D:9      | Bought a scroll of identify for 20 gold pieces
  9985 | D:9      | Killed a two-headed ogre
 10257 | D:10     | Entered Level 10 of the Dungeon
 10277 | D:10     | Noticed a two-headed ogre
 10302 | D:10     | Killed a two-headed ogre
 10303 | D:10     | Reached skill level 5 in Stealth
 10845 | D:10     | Found a staircase to the Orcish Mines.
 11801 | D:11     | Noticed Fannar
 11972 | D:11     | Killed Fannar
 11973 | D:11     | Reached skill level 5 in Fighting
 11973 | D:11     | Reached XP level 11. HP: 86/86 MP: 6/14
 12201 | D:11     | Noticed Snorg
 12213 | D:11     | Noticed a five-headed hydra
 12377 | D:11     | Noticed a soul eater
 12755 | D:11     | Noticed a centaur warrior
 12841 | Lair:1   | Entered Level 1 of the Lair of Beasts
 13818 | Lair:2   | Found a runed translucent gate.
 13819 | Lair:2   | Found a runed translucent gate.
 13820 | Lair:2   | Found a runed translucent gate.
 13902 | Lair:2   | Reached skill level 1 in Spellcasting
 14071 | Lair:2   | Noticed gregwegmann's ghost (journeyman MiBe)
 14071 | Lair:2   | Noticed Puis's ghost (journeyman DgIE)
 14071 | Lair:2   | Noticed Mistam's ghost (journeyman TeCj)
 14078 | Lair:2   | Noticed Gesod's ghost (journeyman MiHu)
 14524 | Lair:2   | Found a staircase to the Shoals.
 14832 | Lair:2   | Found a hole to the Spider Nest.
 15046 | Lair:2   | Noticed Erica
 15057 | Lair:2   | Killed Erica
 15547 | Lair:3   | Reached XP level 12. HP: 97/97 MP: 20/20
 15668 | Lair:3   | Identified a scroll of acquirement
 15669 | Lair:3   | Acquired the +0 buckler "Ypna" {rF++}
 16770 | Lair:4   | Reached skill level 10 in Dodging
 16871 | Lair:4   | Found a staircase to the Slime Pits.
 17260 | Lair:4   | Noticed a catoblepas
 17310 | Lair:4   | Killed a catoblepas
 17530 | Lair:4   | Acquired the +2 pair of gloves "Borask" {rN++ rCorr}
 17598 | Lair:5   | Entered Level 5 of the Lair of Beasts
 17601 | Lair:5   | Noticed a boulder beetle
 17622 | Lair:5   | Killed a boulder beetle
 18320 | Lair:5   | Found a runed translucent gate.
 18320 | Lair:5   | Found a runed translucent gate.
 18320 | Lair:5   | Found a runed translucent gate.
 18366 | Lair:5   | Noticed a catoblepas
 18384 | Lair:5   | Noticed a five-headed hydra
 18561 | Lair:5   | Reached skill level 10 in Stealth
 18587 | Lair:5   | Noticed an ice dragon
 18613 | Lair:5   | Noticed a seven-headed hydra
 18884 | Lair:4   | Reached XP level 13. HP: 38/111 MP: 14/22
 19891 | Lair:5   | Identified the +7 great sword of a Thousand Ships {drain,
                  | rElec rPois Will++}
 20066 | Lair:5   | Reached skill level 1 in Long Blades
 20296 | Lair:5   | Reached skill level 10 in Fighting
 20379 | Lair:5   | Noticed frimble's ghost (journeyman DsBe)
 21007 | Lair:5   | Learned a level 2 spell: Call Imp
 21382 | Lair:5   | Got the ring of Ypuappea {Fire +Blink Int+3}
 21487 | Lair:4   | Killed frimble's ghost
 21728 | Orc:1    | Entered Level 1 of the Orcish Mines
 21803 | Orc:2    | Entered Level 2 of the Orcish Mines
 21994 | Orc:2    | Noticed Donald
 22294 | D:11     | Killed Snorg
 23226 | D:12     | Identified the +3 ring mail of the Komodo Dragon {SInv}
 23599 | D:13     | Noticed Kirke
 23673 | D:13     | Reached skill level 5 in Long Blades
 23833 | D:13     | Killed Kirke
 23834 | D:13     | Reached XP level 14. HP: 113/124 MP: 19/24
 24108 | D:13     | Noticed Sonja
 24116 | D:13     | Killed Sonja
 24554 | D:14     | Found a gate leading to a gauntlet.
 24590 | Gauntlet | Entered a Gauntlet
 24590 | Gauntlet | Found a transporter.
 24590 | Gauntlet | Found a transporter.
 24614 | Gauntlet | Found a transporter.
 24627 | Gauntlet | Found a transporter.
 24627 | Gauntlet | Found a transporter.
 24627 | Gauntlet | Found a transporter.
 24629 | Gauntlet | Found a transporter.
 24629 | Gauntlet | Found a transporter.
 24642 | Gauntlet | Found a runed translucent door.
 24645 | Gauntlet | Found a transporter.
 24659 | Gauntlet | Found a transporter.
 24668 | Gauntlet | Found a runed translucent door.
 24669 | Gauntlet | Found a transporter.
 24670 | Gauntlet | Found a runed translucent door.
 24683 | Gauntlet | Found a transporter.
 24703 | Gauntlet | Found a transporter.
 24716 | Gauntlet | Found a transporter.
 25008 | Gauntlet | Identified the +2 pair of boots of the Unbroken {Dex+4}
 25739 | D:14     | Reached skill level 10 in Long Blades
 25892 | D:14     | Found a gate to the Vaults.
 25932 | D:14     | Learned a level 2 spell: Blink
 26056 | D:15     | Entered Level 15 of the Dungeon
 26056 | D:15     | Noticed Nessos
 26068 | D:15     | Killed Nessos
 26373 | D:15     | Noticed Rupert
 26632 | Orc:1    | Killed Donald
 26633 | Orc:1    | Reached skill level 5 in Spellcasting
 26815 | Orc:2    | Found a staircase to the Elven Halls.
 27020 | Orc:2    | Noticed Jorgrun
 27030 | Orc:2    | Killed Jorgrun
 27259 | Orc:2    | Found Lariemp's General Store.
 27275 | Orc:2    | Found Voufasu's Magic Scroll Boutique.
 27762 | Orc:1    | You fall into a shaft and drop 1 floor!
 27866 | Orc:1    | Found Ytoumut's Antique Armour Emporium.
 27876 | Orc:1    | Bought a pitted ring mail for 261 gold pieces
 27876 | Orc:1    | Identified the +1 ring mail of Kuhuzi {+Inv rCorr Str-4
                  | Dex-4} (You bought it in a shop on level 1 of the Orcish
                  | Mines)
 27876 | Orc:1    | Bought a heavily runed scale mail for 261 gold pieces
 27876 | Orc:1    | Identified the +0 scale mail of Slimy Miracles {rF++ Str+3
                  | Int+2} (You bought it in a shop on level 1 of the Orcish
                  | Mines)
 28147 | Orc:2    | Noticed Urug
 28155 | Orc:2    | Killed Urug
 28267 | Orc:2    | Bought a scroll of acquirement for 624 gold pieces
 28586 | Orc:2    | Reached XP level 15. HP: 130/130 MP: 29/29
 28789 | Orc:2    | Found Jid Kew's Antique Weapon Emporium.
 28789 | Orc:2    | Found Jetoub's Book Shoppe.
 28790 | Orc:2    | Found a one-way gate leading to the halls of Pandemonium.
 28792 | Orc:2    | Bought a slimy scimitar for 315 gold pieces
 28792 | Orc:2    | Identified the +10 scimitar "Xinong" {holy, rPois Str+3}
                  | (You bought it in a shop on level 2 of the Orcish Mines)
 29127 | D:15     | Killed Rupert
 29264 | D:15     | Identified the +1 leather armour of Valour {Rampage}
 29290 | D:15     | Found a staircase to the Depths.
 29582 | Lair:1   | Killed Puis's ghost
 29590 | Lair:2   | Killed Mistam's ghost
 29640 | Lair:2   | Killed gregwegmann's ghost
 29693 | Lair:2   | Identified the +1 scale mail of the Beginning {rPois Str+5
                  | Dex-4}
 29707 | Lair:2   | Identified the +9 hand axe "Kyegeh" {vorpal, Int+4}
 30038 | Spider:1 | Entered Level 1 of the Spider Nest
 30699 | Spider:1 | Reached skill level 1 in Armour
 32190 | Spider:1 | Mangled by an emperor scorpion simulacrum

Illustrated notes

Levels and vault maps discovered:
D:1:      nzn_arrival_crosshair, layout_loops_corners
D:2:      layout_loops_corners, ebering_ecumenical_altar_sacrificial,
          uniq_natasha
D:3:      layout_basic, grunt_qazlal_sundering, gup_sewer_entry_glass,
          minmay_tree_intersection, ebering_dispersal_statue_hall
D:4:      layout_basic, marbit_many_paths, serial_co_window_serial,
          co_window_corner_a, co_window_paths_b, co_window_paths_a,
          co_window_of_opportunity_a, co_window_paths_a, co_window_broadway_a,
          co_window_unsneaky_path_c, co_window_of_opportunity_c,
          co_window_broadway_a, co_window_sun, co_window_4corner_b,
          glass_columns_b, glass_columns_a, glass_columns_b, glass_columns_c,
          glass_columns_c
D:5:      layout_cave_pools, gammafunk_temple_overflow_arena,
          lemuel_doored_altar, nicolae_overflow_crystal_walls,
          minmay_temple_entry_mini_moons
D:6:      layout_loops_ring, mainiacjoe_overflow_paths, uniq_duvessa,
          uniq_sigmund, uniq_menkaure
D:7:      minmay_cornered_nines, layout_basic, okawaru_gym_becter,
          general_overflow_altar
D:8:      layout_gridville, kennysheep_mini_moat, due_lair_maze_entry_diamond,
          serial_shops, nicolae_lakefront_shop, shop,
          nicolae_inconvenience_store, hangedman_feature_mirror
D:9:      layout_cave_pools, serial_shops, shop
D:10:     layout_basic, zombieorc1_lemuel
D:11:     layout_gridville, uniq_snorg, uniq_fannar
D:12:     layout_basic
D:13:     layout_irregular_city, uniq_sonja, uniq_kirke
D:14:     layout_long_grid, david_vaults_5, gauntlet_entry_generic,
          minmay_misc_feat_chi, cheibrodos_ashenzari_chains
D:15:     grunt_enter_depths_hoard, layout_gridville, uniq_nessos, uniq_rupert
Lair:1:   layout_cave_pods, serial_bayou_shore_a, grunt_megastairs_1,
          infiniplex_staircase_pool_2
Lair:2:   layout_regular_city, elwin_shoals_entry_rooms,
          spider_nest_entry_rubble, gammafunk_ghost_cemetery,
          beast_lair_carwin_5, lemuel_fruit_fields, lemuel_fruit_tree,
          serial_bayou_shore_b, uniq_erica
Lair:3:   layout_loops_ring
Lair:4:   layout_loops_ring, slime_entry_1, grunt_megastairs_2
Lair:5:   minmay_lair_end_enchanted_forest, layout_cave_pods,
          gammafunk_ghost_icy, grunt_megastairs_5, infiniplex_staircase_pool
Spider:1: layout_cave_pods, hangedman_spider_tarantella_strand
Spider:2: layout_spider_delve, nicolae_spider_nook
Orc:1:    cheibrodos_orc_guarddog, layout_caves, serial_shops,
          nicolae_shop_behind_doors, rock_pile
Orc:2:    pf_orc_diabolical, layout_diamond_mine, uniq_urug, uniq_jorgrun,
          uniq_donald

Skill      XL: |  1  2  3  4  5  6  7  8  9 10 11 12 13 14 15 |
---------------+----------------------------------------------+-----
Short Blades   | 2 3 4 5 6 7 8 9 10 | 10.0
Dodging        | 2 3 5 6 8 9 11 12 | 12.0
Evocations     | 2 4 6 7 8 |  8.0
Poison Magic   | 3 4 |  4.0
Fighting       | 5 6 9 11 12 | 12.5
Stealth        | 6 8 10 | 10.0
Spellcasting   | 3 4 6 8 |  8.0
Long Blades    | 5 10 12 | 12.6
Armour         | 4 |  4.0

Action                   |  1- 3 |  4- 6 |  7- 9 | 10-12 | 13-15 || total
-------------------------+-------+-------+-------+-------+-------++-------
Melee: Short sword       |   110 |   375 |       |   865 |   184 ||  1534
       Punch             |     2 |    10 |     9 |    10 |       ||    31
       Dagger            |       |   149 |   463 |   153 |       ||   765
       Rapier            |       |       |    63 |    26 |    16 ||   105
       Great sword       |       |       |     8 |   193 |   916 ||  1117
       Staff             |       |       |       |    14 |       ||    14
       Scimitar          |       |       |       |       |    81 ||    81
Throw: Dart              |       |     1 |    10 |       |       ||    11
       Throwing net      |       |       |     2 |       |       ||     2
       Javelin           |       |       |       |     3 |     3 ||     6
 Cast: Poisonous Vapours |       |     1 |    26 |    83 |   109 ||   219
       Sting             |       |       |    14 |    75 |    24 ||   113
       Mephitic Cloud    |       |       |     2 |    27 |    51 ||    80
       Call Imp          |       |       |       |       |    10 ||    10
       Blink             |       |       |       |       |     1 ||     1
Evoke: Wand              |     1 |       |     7 |    11 |     9 ||    28
       Box of beasts     |       |       |       |       |     4 ||     4
  Use: Scroll            |     1 |       |     9 |    11 |    14 ||    35
       Potion            |       |       |       |       |     1 ||     1
 Stab: Sleeping          |     2 |    11 |    15 |    21 |    10 ||    59
       Held in net/web   |       |       |     2 |       |       ||     2
       Confused          |       |       |     2 |    31 |    47 ||    80
       Distracted        |       |       |     1 |     3 |     3 ||     7
       Paralysed         |       |       |     1 |       |       ||     1
       Petrified         |       |       |       |     4 |       ||     4
       Petrifying        |       |       |       |     1 |       ||     1
Armor: Leather armour    |    12 |       |       |       |       ||    12
       Ring mail         |    30 |   146 |    40 |       |   353 ||   569
       Robe              |       |       |    54 |   175 |    86 ||   315
       Steam dragon scal |       |       |    11 |     1 |       ||    12
Dodge: Dodged            |    50 |   216 |   234 |  1012 |  1870 ||  3382
Block: Buckler           |       |       |       |   129 |    61 ||   190

Table legend: (Time is in decaauts)
 A = Elapsed time spent in this place.
 B = Non-inter-level travel time spent in this place.
 C = Inter-level travel time spent in this place.
 D = Time resting spent in this place.
 E = Time spent auto-exploring this place.
 F = Levels seen in this place.
 G = Mean time per level.
                   A        B        C        D        E       F      G
               +--------+--------+--------+--------+--------+-----+--------+
         Total |  31760 |  29676 |   2084 |   3572 |  16590 |  26 | 1221.5 |
       Dungeon |  16521 |  15092 |   1429 |    881 |   9611 |  15 | 1101.4 |
          Lair |   9828 |   9337 |    491 |   1961 |   4526 |   5 | 1965.6 |
   Spider Nest |   1265 |   1204 |     61 |    164 |    698 |   2 |  632.5 |
  Orcish Mines |   2573 |   2471 |    102 |    418 |   1154 |   2 | 1286.5 |
         Sewer |    962 |    962 |      0 |     49 |    463 |   1 |  962.0 |
      Gauntlet |    609 |    609 |      0 |     99 |    137 |   1 |  609.0 |
               +--------+--------+--------+--------+--------+-----+--------+

Top non-repeatable levels by time:
  Lair:5: 2952 daAuts
  Lair:2: 2729 daAuts
     D:8: 1852 daAuts
    D:10: 1730 daAuts
  Lair:4: 1672 daAuts
   Orc:2: 1550 daAuts
  Lair:3: 1383 daAuts
    D:11: 1331 daAuts
Spider:1: 1237 daAuts
     D:7: 1194 daAuts
     D:4: 1126 daAuts
    D:12: 1106 daAuts
  Lair:1: 1092 daAuts
    D:13: 1043 daAuts
   Orc:1: 1023 daAuts
